 Dungeon Crawl Stone Soup version 0.30-a0-322-g102857c98e (console) character file.

Game seed: 6920998233930261100

2 petzl the Sneak (level 1, 0/18 HPs)
             Began as a Formicid Delver on Oct 28, 2022.
             Killed from afar by a steam dragon (18 damage)
             ... with a ball of steam
             ... on level 8 of the Dungeon.
             The game lasted 00:07:57 (811 turns).

petzl the Sneak (Formicid Delver)                    Turns: 811, Time: 00:07:57

Health: 0/18       AC:  5    Str: 16    XL:     1   Next: 33%
Magic:  1/1        EV: 11    Int:  9    God:
Gold:   118        SH:  0    Dex: 15    Spells: 0/0 levels left

rFire   . . .      SeeInvis +    a - +0 hand axe (vorpal) {!f =f}
rCold   . . .      Faith    .    (no shield)
rNeg    . . .      Spirit   .    n - +0 ring mail
rPois   .          Reflect  .    (helmet unavailable)
rElec   .          Harm     .    (no cloak)
rCorr   .          Rampage  .    (no gloves)
Will    .....                    (no boots)
Stlth   +++.......               (no amulet)
HPRegen 0.23/turn                (no ring)
MPRegen 0.07/turn                (no ring)

@: no status effects
A: permanent stasis, dig shafts and tunnels, antennae 3, four strong arms
a: Dig, Shaft Self


You were on level 8 of the Dungeon.
You visited 1 branch of the dungeon, and saw 5 of its levels.

You collected 118 gold pieces.

Inventory:

Hand Weapons
 a - a +0 vorpal hand axe (weapon) {!f =f}
 i - a +0 trident
Armour
 b - a +0 leather armour
 n - a +0 ring mail (worn)
Wands
 f - a wand of digging (3)
Scrolls
 c - a scroll of fog
 d - a scroll of magic mapping
 h - 2 scrolls of teleportation {unknown}
 l - a scroll of vulnerability {unknown}
 m - a scroll of brand weapon {unknown}
Potions
 e - a potion of haste {unknown}
 g - a potion of brilliance {unknown}
 j - a potion of flight {unknown}
 k - a potion of degeneration {unknown}


   Skills:
 + Level 3.3 Fighting
 - Level 2.0 Long Blades
 + Level 1.8 Dodging
 - Level 6.0 Stealth
 * Level 0.3 Spellcasting


You couldn't memorise any spells.
You didn't know any spells.
Your spell library contained the following spells:

 Spells                   Type           Power      Damage    Failure   Level
 Frozen Ramparts          Ice            0%         1d1       93%         3
 Ice Form                 Ice/Tmut       0%         N/A       100%        4
 Summon Ice Beast         Ice/Summ       0%         N/A       100%        4


Dungeon Overview and Level Annotations

Branches:
Dungeon (9/15)
 Temple: D:4-7         Lair: D:8-11         Orc: D:9-12

Altars:
Ashenzari

Annotations:
D:6 exclusions: downstairs and scorpion
D:7 exclusions: 2 bullfrogs and downstairs, Menkaure


Innate Abilities, Weirdness & Mutations

You cannot be hasted, slowed, berserked, paralysed or teleported.
You can dig through walls and to a lower floor.
You have a pair of large antennae on your head. (SInv)
Your four strong arms can wield two-handed weapons with a shield.


Message History

You begin to dig a shaft.
You continue digging a shaft.
The bullfrog hits you. A shaft appears beneath you!
You fall into a shaft and drop 1 floor!
The shaft crumbles and collapses.
Found 2 grey potions and a stone.
Found a stone staircase leading down and a stone staircase leading up.
You retract your mandibles.
A yak comes into view.
A yak comes into view.
A yak comes into view.
The yak bellows! x3; You hear an angry hiss.
Found a fuming yellow potion.
You barely miss the yak. The yak closely misses you.
The yak attacks as you move away! The yak closely misses you.
Found a grey potion.
Found a chain mail.
Found 17 gold pieces.
Found a stone staircase leading down.
An orc warrior comes into view. It is wielding a +0 halberd.
There is a stone staircase leading up here.
You climb upwards.
Found 15 gold pieces.
There is a stone staircase leading down here. 2 orcs come into view.
An orc is wielding a +0 vampiric trident.
An orc and 2 orc warriors come into view.
An orc comes into view. It is wielding a +0 dagger.
You open the door. The steam dragon breathes steam at you.
The ball of steam misses you.
You hear a shout! x7
Found a jewelled brass wand.
You hear a shout! x4
There is an open door here.
You hear a shout! x4
The steam dragon breathes steam at you. The ball of steam hits you!!
Ouch! That really hurt!
You die...

####### #.....# ####+##
#.....##+#####.....#
#............#.....+
#...>.##...§.+.....# ..
#.....##.D§§.#.....##+###.
.#
#.....##..§§.#............
.#
+.$....#....§#..§§@.......
.#
#......+.....D§§.../.....#
.#
#.....##.#####...........#
.. ########.#
..............# ..
{{o{#........#+##### ..
oo{{#........+ ..
#o{{{#........# ##
{{{####.....# ......
...... ###+####.....


There were no monsters in sight!

Vanquished Creatures
  An orc (D:6)
1 creature vanquished.

Notes
Turn   | Place    | Note
-------+----------+-------------------------------------------
     0 | D:5      | petzl the Formicid Delver began the quest for the Orb.
     0 | D:5      | Reached XP level 1. HP: 18/18 MP: 1/1
    27 | D:5      | Found a broken altar of Ashenzari.
    59 | D:5      | Noticed an iguana
    69 | D:5      | You fall into a shaft and drop 2 floors!
    78 | D:7      | Noticed a bullfrog
   146 | D:7      | Noticed a bullfrog
   196 | D:8      | Noticed a wight
   196 | D:8      | Noticed a wight
   264 | D:6      | Noticed a killer bee
   264 | D:6      | Noticed a killer bee
   264 | D:6      | Noticed a killer bee
   264 | D:6      | Noticed a killer bee
   383 | D:7      | Noticed Menkaure
   387 | D:7      | Noticed a black bear
   429 | D:6      | Noticed an iguana
   685 | D:6      | Noticed a scorpion
   725 | D:6      | Noticed a black bear
   746 | D:6      | You fall into a shaft and drop 2 floors!
   757 | D:8      | Noticed a gargoyle
   762 | D:8      | Noticed a bullfrog
   768 | D:8      | You fall into a shaft and drop 1 floor!
   770 | D:9      | Noticed a yak
   772 | D:9      | Noticed a yak
   773 | D:9      | Noticed a yak
   788 | D:9      | Noticed an orc warrior
   796 | D:8      | Noticed a steam dragon
   802 | D:8      | Noticed an orc warrior
   802 | D:8      | Noticed an orc warrior
   811 | D:8      | Killed from afar by a steam dragon

Illustrated notes

Levels and vault maps discovered:
D:5:      layout_layer_cave, evilmike_ruin_ashenzari, fedhas_altar_1,
          minmay_temple_entry_gardened_gates, columned_hall_lemuel
D:6:      minmay_chambers_of_sixes, layout_loops_ring,
          mainiacjoe_overflow_surrounded_room, cheibriados_altar_1
D:7:      layout_loops_ring, uniq_menkaure
D:8:      layout_gridville, special_room [special_room_orc]
D:9:      layout_big_octagon, nicolae_dithmenos_through_a_glass_darkly

Action                   || total
-------------------------++-------
Melee: Hand axe          ||     8
 Abil: Dig               ||     3
       Shaft Self        ||     3
  Use: Scroll            ||     1
Armor: Leather armour    ||     1
Dodge: Dodged            ||     9

Table legend: (Time is in decaauts)
 A = Elapsed time spent in this place.
 B = Non-inter-level travel time spent in this place.
 C = Inter-level travel time spent in this place.
 D = Time resting spent in this place.
 E = Time spent auto-exploring this place.
 F = Levels seen in this place.
 G = Mean time per level.
                   A        B        C        D        E       F      G
               +--------+--------+--------+--------+--------+-----+--------+
         Total |    811 |    811 |      0 |    116 |     48 |   5 |  162.2 |
       Dungeon |    811 |    811 |      0 |    116 |     48 |   5 |  162.2 |
               +--------+--------+--------+--------+--------+-----+--------+

Top non-repeatable levels by time:
     D:6: 359 daAuts
     D:7: 317 daAuts
     D:5: 69 daAuts
     D:8: 38 daAuts
     D:9: 28 daAuts
